 Dungeon Crawl Stone Soup version 0.31-a0-846-gb3bcc0d938 (webtiles) character file.

Game seed: 6380958298363943476

258 rageheart7 the Ruffian (level 6, 0/57 HPs)
             Began as a Naga Shapeshifter on Oct 3, 2023.
             Was an Initiate of Cheibriados.
             Slain by an ogre
             ... wielding a +0 giant club
              (15 damage)
             ... on level 5 of the Dungeon.
             The game lasted 00:05:43 (3644 turns).

rageheart7 the Ruffian (Naga Shapeshifter)          Turns: 3644, Time: 00:05:44

Health: 0/57       AC:  3    Str: 19    XL:     6   Next: 16%
Magic:  15/15      EV: 10    Int: 11    God:    Cheibriados [......]
Gold:   252        SH:  0    Dex: 12    Spells: 5/5 levels left

rFire   . .          .
                       - Unarmed
rCold   . . .        n - orb {light}
rNeg    . . .        a - +0 animal skin
rPois   +            m - melded +1 hat
rElec   .            (cloak currently unavailable)
rCorr   .            (gloves currently unavailable)
SInv    +            (no barding)
Will    .....        (no amulet)
Stlth   +            h - ring of magical power
HPRegen 0.29/turn    (no ring)
MPRegen 0.14/turn

%: no passive effects
@: beast-form, glowing, very slow
A: beast (slay +1), AC +2, large, see invisible, deformed body, poison
resistance, slowness 2, spit poison 1, naga tail 1
a: Spit Poison, Begin Untransformation, Renounce Religion


You were on level 5 of the Dungeon.
You worshipped Cheibriados.
Cheibriados was noncommittal.
You were a hulking beast.
You visited 2 branches of the dungeon, and saw 6 of its levels.

You collected 252 gold pieces.

Inventory:

Armour
 a - a +0 animal skin (worn)
 m - a +1 hat (melded)
 n - an orb of light (worn)
 o - a +2 scale mail of cold resistance
Jewellery
 h - a ring of magical power (left hand)
Talismans
 c - a beast talisman (active)
 d - a flux talisman
Wands
 i - a wand of roots (3)
Scrolls
 g - 2 scrolls of teleportation
 j - a scroll of blinking {unknown}
 q - a scroll of enchant armour {unknown}
Potions
 b - a potion of lignification
 e - a potion of attraction {unknown}
 f - a potion of berserk rage {unknown}
 k - a potion of might {unknown}
 l - a potion of heal wounds {unknown}
 p - a potion of haste {unknown}


   Skills:
 * Level 4.2 Fighting
 - Level 1.5 Dodging
 * Level 5.1 Unarmed Combat
 - Level 3.0 Shapeshifting


You had 5 spell levels left.
You didn't know any spells.
Your spell library contained the following spells:

 Spells                   Type           Power      Damage    Failure   Level
 Slow                     Hex            0%         N/A       34%         1
 Confusing Touch          Hex            0%         N/A       71%         3
 Inner Flame              Hex/Fire       0%         N/A       71%         3
 Sigil of Binding         Hex            0%         N/A       71%         3
 Stone Arrow              Conj/Erth      0%         3d7       71%         3
 Vampiric Draining        Necr           0%         2d6       71%         3
 Animate Armour           Summ/Erth      0%         N/A       98%         4
 Yara's Violent Unravell  Hex/Tmut       0%         3d3       100%        5
 Enfeeble                 Hex            0%         N/A       100%        7
 Lehudib's Crystal Spear  Conj/Erth      0%         10d2      100%        8


Dungeon Overview and Level Annotations

Branches:
Dungeon (5/15)             Temple (1/1) D:4

Altars:
Cheibriados
Dithmenos
Elyvilon
Gozag
Kikubaaqudgha
Makhleb
Nemelex Xobeh
Okawaru
Ru
Sif Muna
Trog
Uskayaw
Xom
Zin
The Shining One

Shops:
D:4 :


Innate Abilities, Weirdness & Mutations

You are a hulking beast.
Your limbs bulge with bestial killing power. (Slay +1)
Your serpentine skin is tough. (AC +2)
You have supernaturally acute eyesight. (SInv)
Armour fits poorly on your strangely shaped body.
Your system is resistant to poisons. (rPois)
You cover ground very slowly.
You can spit poison.
You have a snake-like lower body.


Message History

It is a scroll of brand weapon.
You aren't carrying any weapons that can be branded.
There is a stone staircase leading down here.
You climb downwards.
Found four items.
Found a stone staircase leading down.
There is a stone staircase leading up here.
A quokka comes into view.
A quokka is nearby!
You hit the quokka.
The quokka is moderately wounded.
The quokka barely misses you.
The quokka bites you but does no damage.
You hit the quokka but do no damage.
The quokka is moderately wounded.
The quokka closely misses you.
You hit the quokka.
You kill the quokka!
Cheibriados appreciates the change of pace.
No target in view!
No target in view!
j - a scroll labelled MUNYIX PAKIU
q - a scroll labelled ANGOYFOESH
Found a stone staircase leading up.
You now have 252 gold pieces (gained 18).
Found a stone staircase leading up.
An iguana and an ogre come into view.
The iguana hisses angrily.
There are monsters nearby!
The iguana attacks as it pursues you! The iguana bites you!
You hit the iguana but do no damage. The iguana bites you!
You hit the iguana.
The iguana is lightly wounded.
The iguana barely misses you.
You hit the iguana.
The iguana is lightly wounded.
The iguana bites you! The ogre hits you with a +0 giant club!
* * * LOW HITPOINT WARNING * * *
You hit the ogre but do no damage. The iguana closely misses you.
You hit the ogre but do no damage. The ogre hits you with a +0 giant club!
You die...

.. ......####..#......#..
./... #...................# .
..... ..<................##.
.....###....#................
#......................##...
#.....l................# >..
............#.##............
#...# #.###.............
##..####h#.....##.#......
##......lO....####.....#.#
#.............# ......###
###...........# ......
####............
#<............ ###...........
............ .............


You could see an ogre and an iguana.

Vanquished Creatures
  A scorpion (D:4)
  A hound (D:4)
  2 orc priests (D:4)
  3 gnolls (D:3)
  2 adders
  2 dart slugs
  A worm (D:2)
  3 orcs (D:4)
  A ball python (D:2)
  6 bats
  8 endoplasms
  A giant cockroach (D:2)
  4 goblins
  4 hobgoblins
  5 kobolds
  5 quokkas
  5 frilled lizards
  3 rats (D:1)
57 creatures vanquished.

Notes
Turn   | Place    | Note
-------+----------+-------------------------------------------
     0 | D:1      | rageheart7 the Naga Shapeshifter began the quest for the
                  | Orb.
     0 | D:1      | Reached XP level 1. HP: 18/18 MP: 1/1
   197 | D:1      | Reached XP level 2. HP: 22/25 MP: 2/2
   647 | D:1      | Reached XP level 3. HP: 32/32 MP: 3/3
  2139 | D:3      | Reached skill level 4 in Unarmed Combat
  2139 | D:3      | Reached XP level 4. HP: 4/40 MP: 4/4
  2212 | D:3      | HP: 2/40 [gnoll/+0 whip (8)]
  2862 | D:4      | Noticed a scorpion
  2870 | D:4      | Killed a scorpion
  2871 | D:4      | Reached XP level 5. HP: 49/49 MP: 5/5
  2882 | D:4      | Found Biuweyb's Self-Published Books.
  2923 | D:4      | Reached skill level 5 in Unarmed Combat
  2925 | D:4      | Reached XP level 6. HP: 15/57 MP: 6/6
  3146 | D:4      | Found a staircase to the Ecumenical Temple.
  3156 | Temple   | Entered the Ecumenical Temple
  3188 | Temple   | Became a worshipper of Cheibriados the Contemplative
  3604 | D:5      | Entered Level 5 of the Dungeon
  3644 | D:5      | Slain by an ogre

Illustrated notes

Levels and vault maps discovered:
D:1:      dpeg_arrival_rooms_a, layout_loops_cross, minmay_split_cup_small
D:2:      layout_basic
D:3:      layout_basic
D:4:      layout_loops_cross, minmay_temple_entry_grid,
          dreamdust_princess_bridge, nicolae_custom_books,
          minmay_splitting_lines
D:5:      layout_cave_pools, nicolae_overflow_two_pavilions
Temple:   regret_index_temple_waves

Skill      XL: |  1  2  3  4  5 |
---------------+----------------+-----
Fighting       | 2 3 4 |  4.2
Unarmed Combat | 4 5 |  5.1
Dodging        | |  1.5
Shapeshifting  | |  3.0

Action                     |  1- 3 |  4- 6 || total
---------------------------+-------+-------++-------
  Melee: Unarmed           |    99 |    54 ||   153
         Punch             |     2 |     1 ||     3
Ability: Spit Poison       |       |     2 ||     2
  Evoke: Wand              |       |     3 ||     3
    Use: Scroll            |     3 |     4 ||     7
         Potion            |       |     4 ||     4
   Stab: Sleeping          |     1 |     1 ||     2
 Armour: Animal skin       |    60 |    24 ||    84
         Skin              |       |    19 ||    19
  Dodge: Dodged            |    43 |    18 ||    61
         Form:             |       |     1 ||     1
         Beast             |       |     1 ||     1

Table legend: (Time is in decaauts)
 A = Elapsed time spent in this place.
 B = Non-inter-level travel time spent in this place.
 C = Inter-level travel time spent in this place.
 D = Time resting spent in this place.
 E = Time spent auto-exploring this place.
 F = Levels seen in this place.
 G = Mean time per level.
                   A        B        C        D        E       F      G
               +--------+--------+--------+--------+--------+-----+--------+
         Total |   4810 |   4569 |    241 |    199 |   3809 |   6 |  801.7 |
       Dungeon |   4710 |   4566 |    144 |    199 |   3809 |   5 |  942.0 |
        Temple |    100 |      3 |     97 |      0 |      0 |   1 |  100.0 |
               +--------+--------+--------+--------+--------+-----+--------+

Top non-repeatable levels by time:
     D:3: 1299 daAuts
     D:4: 1198 daAuts
     D:1: 1177 daAuts
     D:2: 974 daAuts
  Temple: 100 daAuts
     D:5: 60 daAuts
